Map: Dreamcatcher LE

Players

DaRealDeal

  • Race: Zerg Zerg
  • League: Diamond
  • Spawn Location: 5:00

Khalmanac - Winner!

  • Race: Terran Terran
  • League: Platinum
  • Spawn Location: 11:00

VOD

Have the link to the VOD?

Description

Time

  • Played on: Aug. 24, 2018, 10:17 p.m.
  • Length: 29:43
Show
View Real Time Build Order
Export as new Build Order

DaRealDeal Zerg 

Build Orders: Pool First, Lurkers 

Get SALT Encoding   

  12  0:01  Drone  
  13  0:11  Drone  
  14  0:22  Overlord  
  14  0:36  Spawning Pool  
  14  0:37  Drone  
  14  0:41  Drone  
  15  0:45  Drone  
  15  0:49  Drone  
  17  1:00  Drone  
  18  1:16  Hatchery  
  17  1:20  Drone  
  17  1:22  Drone  
  17  1:24  Extractor  
  18  1:34  Zergling x2  
  18  1:36  Queen  
  21  1:45  Drone  
  22  2:09  Overlord, Hatchery  
  21  2:18  Drone  
  22  2:27  Queen  
  24  2:32  Queen  
  26  2:39  Overlord  
  26  2:43  Drone  
  27  2:48  Drone  
  28  2:54  Zergling x4  
  29  3:06  Zergling x4  
  29  3:11  Lair  
  31  3:15  Drone  
  32  3:21  Metabolic Boost  
  32  3:26  Extractor, Drone  
  32  3:35  Drone  
  32  3:36  Drone  
  34  3:43  Spore Crawler  
  34  3:45  Drone x2  
  35  3:52  Drone  
  35  3:53  Drone  
  35  3:55  Drone  
  38  3:58  Drone  
  38  4:02  Drone  
  40  4:05  Drone  
  41  4:11  Drone x2  
  43  4:17  Drone  
  43  4:24  Spore Crawler  
  38  4:37  Spine Crawler  
  37  4:41  Spine Crawler, Drone x3  
  39  4:46  Zergling x6  
  39  4:51  Hydralisk Den  
  39  4:52  Spine Crawler  
  40  4:53  Drone  
  40  5:02  Drone x3  
  40  5:06  Drone  
  37  5:15  Zergling x4  
  38  5:21  Drone x2  
  38  5:26  Drone x2  
  42  5:28  Drone  
  42  5:29  Drone  
  42  5:33  Drone  
  46  5:42  Drone  
  46  5:44  Drone  
  46  5:47  Evolution Chamber  
  46  5:50  Muscular Augments  
  46  5:51  Hydralisk  
  46  5:55  Drone  
  49  5:57  Extractor  
  49  5:58  Drone  
  49  6:00  Overlord x2  
  49  6:11  Pneumatized Carapace  
  49  6:22  Hydralisk x4  
  57  6:31  Hydralisk x3  
  63  6:42  Spore Crawler  
  63  6:44  Spine Crawler  
  61  6:48  Zergling x2, Drone  
  63  7:01  Lurker Den, Extractor  
  62  7:03  Drone x3  
  62  7:04  Drone  
  62  7:08  Hatchery  
  64  7:09  Zerg Missile Weapons Level 1  
  65  7:15  Zergling x2  
  65  7:17  Overlord  
  65  7:19  Overlord  
  65  7:37  Overlord, Hydralisk x2  
  65  7:38  Overlord x2  
  65  7:39  Drone  
  70  7:44  Drone x2  
  70  7:45  Drone  
  70  7:48  Spine Crawler  
  70  7:49  Drone  
  73  7:57  Hydralisk x2  
  77  8:06  Zergling x8  
  80  8:18  Hydralisk x3  
  80  8:19  Hydralisk  
  87  8:29  Hydralisk x2  
  84  8:35  Zergling x6  
  84  8:36  Zergling x4  
  88  8:42  Overlord x4  
  88  8:46  Grooved Spines  
  88  8:49  Infestation Pit  
  87  8:57  Zergling x2  
  87  9:02  Zergling x4  
  90  9:03  Zergling x6, Zerg Melee Weapons Level 1  
  90  9:04  Zergling x2  
  90  9:06  Drone x2  
  96  9:23  Hatchery  
  95  9:29  Hive  
  95  9:37  Extractor  
  94  9:38  Extractor  
  93  9:51  Lurker x2  
  93  9:52  Lurker x3  
  98  9:53  Zergling x2  
  98  9:54  Zergling x20  
  109  10:03  Hydralisk  
  111  10:24  Drone  
  111  10:25  Overlord  
  111  10:26  Overlord x6  
  73  11:05  Zergling x2  
  73  11:06  Zergling x40  
  73  11:07  Zergling x4  
  73  11:09  Drone  
  73  11:10  Drone  
  98  11:15  Zerg Ground Armor Level 1  
  98  11:19  Evolution Chamber  
  97  11:26  Adrenal Glands  
  97  11:28  Drone  
  97  11:29  Drone  
  97  11:30  Drone  
  90  12:06  Zergling x22  
  90  12:07  Zergling x22  
  91  12:15  Zergling x8  
  92  12:29  Drone  
  93  12:30  Drone x10  
  93  12:34  Zerg Melee Weapons Level 2  
  103  12:40  Drone x3  
  103  12:41  Drone  
  107  12:54  Hydralisk x5  
  107  12:56  Overseer  
  107  12:58  Overseer  
  117  13:05  Hydralisk x3  
  116  13:10  Spire  
  98  13:46  Hydralisk  
  98  13:47  Hydralisk x15  
  125  13:59  Hydralisk  
  125  14:00  Hydralisk x4  
  125  14:02  Overlord  
  135  14:08  Burrow  
  135  14:26  Greater Spire  
  135  14:34  Zerg Missile Weapons Level 2  
  135  14:39  Hydralisk  
  135  14:40  Hydralisk x12  
  135  14:43  Overlord  
  161  14:45  Extractor  
  161  14:46  Extractor, Drone  
  161  14:47  Drone  
  160  15:10  Overseer  
  160  15:12  Hydralisk x10  
  180  15:15  Overlord  
  130  15:45  Hydralisk  
  130  15:46  Hydralisk x10  
  130  15:47  Hydralisk  
  130  15:48  Hydralisk  
  130  15:54  Zergling x2  
  130  15:55  Zergling x14  
  120  16:01  Zergling x2  
  120  16:02  Zergling x8  
  125  16:05  Zergling x6  
  125  16:09  Drone x3  
  131  16:18  Zergling x2  
  131  16:19  Zergling x14  
  131  16:31  Zergling x10, Overseer  
  131  16:32  Zergling x10  
  115  16:44  Zergling x10  
  119  16:52  Zergling x2  
  119  16:53  Zergling x8  
  124  16:56  Zerg Ground Armor Level 2  
  124  16:58  Corruptor, Zerg Flyer Weapons Level 1  
  124  16:59  Corruptor  
  124  17:00  Corruptor  
  130  17:34  Hatchery  
  129  17:56  Drone x4  
  129  17:57  Drone x4  
  136  18:05  Spine Crawler  
  135  18:06  Spine Crawler  
  135  18:07  Spine Crawler  
  135  18:12  Spine Crawler x2  
  131  18:24  Spine Crawler  
  131  18:26  Spine Crawler, Hydralisk x14  
  131  18:27  Spine Crawler x2, Hydralisk x2  
  109  18:43  Zergling x18  
  109  18:47  Zergling x2  
  109  18:48  Zergling x4  
  115  18:49  Zergling x2  
  115  18:50  Zergling x2  
  115  18:52  Zergling x2  
  115  18:53  Zergling x2  
  116  18:58  Zergling x2  
  116  19:01  Zergling x6  
  100  19:03  Brood Lord  
  100  19:06  Brood Lord  
  84  19:12  Zergling x6  
  84  19:13  Zergling x4  
  84  19:14  Zergling x2  
  85  19:17  Zergling x2  
  85  19:18  Zergling x4  
  85  19:19  Zergling x2  
  86  19:29  Brood Lord  
  86  19:30  Zergling x10  
  86  19:31  Zergling x2  
  84  19:33  Zergling x4  
  74  19:42  Zergling x8  
  74  19:43  Zergling x4  
  74  19:49  Queen  
  74  19:52  Hydralisk  
  78  19:57  Hydralisk  
  71  20:14  Zergling x2  
  72  20:27  Hydralisk  
  72  20:28  Hydralisk x8  
  74  20:29  Hydralisk  
  92  20:40  Hatchery  
  91  20:52  Hydralisk x4  
  99  21:21  Drone  
  99  21:22  Drone x10  
  110  21:26  Zergling x8  
  110  21:32  Hydralisk  
  114  21:39  Extractor  
  115  21:41  Spine Crawler  
  115  21:42  Extractor  
  115  21:45  Hydralisk x2  
  115  21:46  Hydralisk x5  
  127  21:48  Hydralisk  
  122  22:05  Hydralisk  
  122  22:06  Hydralisk x3  
  122  22:07  Lurker  
  122  22:08  Lurker  
  129  22:15  Drone x2  
  131  22:21  Hydralisk x3  
  106  23:01  Corruptor x7  
  106  23:02  Corruptor  
  109  23:12  Zergling x12  
  115  23:27  Drone x3  
  115  23:28  Drone x2  
  120  23:42  Brood Lord  
  120  23:43  Brood Lord x2  
  121  24:36  Zergling x2  
  121  24:37  Zergling x28  
  123  24:48  Hydralisk x4  
  110  25:06  Zergling x6  
  82  25:17  Zergling x6  
  82  25:18  Zergling x4  
  76  25:25  Zergling x6  
  76  25:26  Zergling x4  
  76  25:28  Hydralisk x2  
  73  26:10  Hydralisk  
  73  26:11  Hydralisk x5  
  75  26:37  Corruptor x2  
  75  26:39  Drone  
  70  27:23  Hatchery  
  70  27:25  Spine Crawler  
  70  27:27  Spine Crawler  
  66  28:06  Drone  
  66  28:07  Drone x8  
  75  28:17  Extractor  
  74  28:22  Spine Crawler  
  73  28:53  Brood Lord x2  
  77  28:58  Hatchery  
  77  29:01  Hydralisk  
  76  29:23  Zergling x10  
Show
View Real Time Build Order
Export as new Build Order

Khalmanac Terran - Winner!

Build Orders: Mech 

Get SALT Encoding   

  12  0:00  SCV  
  13  0:12  SCV  
  14  0:18  Supply Depot  
  14  0:25  SCV  
  15  0:39  SCV  
  16  0:43  Barracks  
  16  0:46  Refinery  
  16  0:51  SCV  
  17  1:03  SCV  
  18  1:16  SCV  
  19  1:28  SCV  
  19  1:32  Barracks Reactor  
  20  1:34  Reaper  
  20  1:37  Supply Depot  
  21  1:40  Orbital Command  
  21  1:58  Command Center  
  21  2:06  Refinery, SCV  
  22  2:15  Barracks Reactor  
  22  2:20  SCV  
  23  2:34  Factory  
  23  2:36  SCV  
  24  2:48  SCV  
  25  2:54  Marine x2  
  27  3:00  SCV  
  28  3:12  SCV  
  29  3:18  Starport  
  29  3:25  Orbital Command  
  30  3:27  SCV  
  30  3:28  Barracks Reactor  
  30  3:36  Hellion x2  
  30  3:37  Supply Depot  
  30  3:39  SCV  
  30  3:40  Supply Depot  
  35  3:48  Orbital Command  
  35  3:51  Armory  
  35  3:57  Hellion x2  
  39  4:04  Medivac  
  41  4:16  SCV x2  
  43  4:19  Hellion x2  
  47  4:28  SCV  
  47  4:40  Engineering Bay  
  47  4:42  Widow Mine x2  
  51  4:46  Supply Depot  
  51  4:49  Supply Depot  
  51  4:54  SCV x2  
  47  5:20  SCV  
  47  5:21  Medivac, SCV, Hellion x2  
  49  5:22  Medivac  
  55  5:32  Missile Turret, Barracks Reactor  
  55  5:36  Terran Vehicle And Ship Armor Level 1  
  55  5:38  SCV x2  
  55  5:42  Factory  
  59  5:43  Hellion x2  
  61  5:50  SCV  
  61  5:51  SCV  
  61  5:53  Viking x2  
  67  6:03  SCV x2  
  69  6:15  SCV x2  
  69  6:17  Missile Turret  
  71  6:21  Hellion x2  
  71  6:23  Marine x2  
  77  6:27  SCV  
  77  6:31  Hellion  
  78  6:37  Supply Depot  
  78  6:49  Factory Tech Lab  
  78  6:51  Factory, SCV, Marine  
  78  6:53  Supply Depot x2, SCV  
  77  6:59  Hellion x2  
  81  7:05  Viking x2  
  85  7:13  Refinery  
  85  7:15  Refinery  
  85  7:16  Siege Tank  
  85  7:20  Hellion x2  
  93  7:30  SCV x2  
  93  7:31  Infernal Pre-Igniter  
  94  7:42  SCV x2  
  96  7:54  SCV x2  
  96  7:55  Hellion x2  
  102  8:06  Supply Depot  
  102  8:08  Supply Depot  
  102  8:11  Command Center  
  102  8:12  SCV x2  
  102  8:27  Viking x2  
  102  8:29  Supply Depot  
  90  8:40  Factory Tech Lab  
  79  8:41  Siege Tank  
  79  8:43  Hellion x2  
  84  8:57  Marine  
  84  8:58  Marine  
  84  8:59  Supply Depot  
  86  9:04  Terran Vehicle And Ship Armor Level 2, Hellion x2  
  86  9:05  Siege Tank  
  93  9:13  Siege Tank  
  93  9:14  Sensor Tower  
  93  9:15  Marine x2  
  98  9:22  Medivac x2  
  102  9:26  Hellion  
  102  9:27  Sensor Tower  
  104  9:37  Siege Tank  
  107  9:53  Orbital Command  
  107  10:12  Siege Tank  
  107  10:13  Siege Tank  
  113  10:20  Armory  
  113  10:28  Orbital Command  
  95  11:03  Hellion x2  
  97  11:14  Terran Vehicle Weapons Level 1  
  97  11:17  Thor x2  
  109  11:21  SCV  
  109  11:22  Starport Tech Lab  
  109  11:24  Hellion x2  
  114  11:33  SCV  
  114  11:35  Sensor Tower  
  114  11:36  Missile Turret  
  115  11:45  SCV, Hellion  
  115  11:46  Hellion  
  120  11:48  SCV x2  
  120  11:50  Marine x2  
  124  11:55  Raven  
  124  12:00  Thor x2  
  121  12:03  Orbital Command  
  121  12:07  Hellion x2  
  121  12:08  Marine x2  
  116  12:26  Marine x2  
  116  12:28  Command Center, Hellion x2  
  122  12:33  Terran Vehicle And Ship Armor Level 3  
  122  12:44  Marine x2  
  122  12:46  Orbital Command  
  122  12:50  Hellion  
  129  13:12  Siege Tank  
  129  13:13  Siege Tank  
  132  13:23  SCV  
  132  13:24  SCV x2  
  135  13:27  Refinery  
  135  13:35  SCV  
  135  13:36  SCV, Hellion x2  
  139  13:44  Siege Tank  
  126  13:57  SCV x3, Hellion x2  
  126  14:02  Orbital Command  
  129  14:08  Marine x2  
  129  14:09  SCV  
  132  14:10  Siege Tank  
  132  14:17  Siege Tank  
  138  14:19  Hellion x2  
  138  14:21  SCV  
  143  14:24  Refinery  
  143  14:26  Marine  
  144  14:37  SCV  
  145  14:40  Hellion x2  
  147  15:01  Hellion x2  
  151  15:18  SCV x2  
  142  15:41  SCV x3  
  95  15:53  SCV x3  
  95  15:55  Hellion x2  
  97  16:05  SCV x3  
  100  16:16  Hellion  
  100  16:17  SCV x3, Hellion  
  103  16:24  Terran Vehicle Weapons Level 2  
  102  16:29  SCV x2  
  101  16:38  Hellion  
  94  16:43  SCV x3  
  97  16:51  Siege Tank x2  
  97  16:52  Hellion  
  97  16:53  Marine x2  
  107  16:59  Hellion  
  107  17:10  Marine x2  
  107  17:14  Hellion  
  111  17:19  Orbital Command  
  111  17:21  Hellion  
  112  17:23  Siege Tank  
  112  17:24  Siege Tank  
  112  17:28  Marine x2  
  112  17:29  Factory  
  120  17:32  Raven  
  120  17:35  Hellion  
  124  17:42  Hellion  
  126  17:55  Siege Tank  
  126  17:56  Siege Tank  
  131  18:11  Hellion  
  133  18:25  SCV  
  134  18:32  SCV  
  134  18:33  Hellion x2  
  134  18:34  Raven, Hellion  
  133  18:35  Hellion  
  133  18:37  SCV  
  117  18:44  SCV  
  115  18:49  SCV  
  115  18:54  Hellion x2  
  122  18:55  Hellion  
  122  18:56  SCV, Hellion  
  122  19:01  SCV  
  114  19:08  SCV  
  115  19:14  SCV  
  115  19:16  Hellion  
  113  19:20  Thor x2, SCV  
  126  19:26  SCV  
  123  19:32  SCV  
  123  19:38  Command Center  
  115  19:39  SCV  
  115  19:45  SCV  
  101  20:03  Thor  
  102  20:21  Viking  
  102  20:22  Viking  
  108  20:43  Hellion x2  
  108  20:48  Terran Vehicle Weapons Level 3  
  110  20:51  Viking  
  110  20:52  Viking  
  116  21:04  Hellion x2  
  120  21:26  Viking x2, Hellion  
  120  21:31  Planetary Fortress, SCV  
  126  21:32  SCV  
  126  21:43  SCV  
  126  21:45  SCV  
  128  21:55  SCV  
  127  22:06  Hellion x2  
  127  22:07  Siege Tank  
  128  22:14  Refinery  
  128  22:15  Refinery  
  128  22:28  Hellion x2  
  132  22:39  Command Center  
  112  23:08  SCV x3  
  115  23:15  Hellion x4  
  123  23:36  Hellion  
  123  23:37  Hellion x3  
  127  23:58  Hellion  
  100  24:41  Siege Tank  
  100  24:42  Siege Tank  
  100  24:44  Viking x2  
  96  25:02  SCV x2  
  84  25:14  Thor, SCV x2  
  81  25:26  SCV  
  64  25:50  Viking x2  
  64  25:51  Thor  
  64  25:53  Hellion x2  
  64  25:57  Thor  
  83  26:14  Hellion x2  
  87  26:20  Viking x2  
  87  26:36  Hellion x2  
  91  26:57  Hellion  
  93  27:05  Orbital Command  
  93  27:09  Orbital Command  
  91  27:22  Orbital Command  
  89  27:33  SCV  
  89  27:34  Siege Tank x2  
  96  27:39  Orbital Command  
  96  27:40  Missile Turret  
  96  27:45  SCV  
  97  27:57  SCV  
  98  28:02  Hellion x2  
  98  28:03  Viking x2  
  106  28:06  Siege Tank x2  
  106  28:09  SCV  
  113  28:21  SCV  
  113  28:23  Hellion x2  
  118  28:33  Viking  
  120  28:38  Siege Tank  
  120  28:39  Hellion  
  123  28:44  Hellion  
  123  28:45  SCV  
  126  28:52  Marine x2  
  128  29:00  Siege Tank  
  131  29:09  Marine x2  
Tags
 
Composition
LurkersMech
Matchup
TvZ
Opening
Pool First
Spawn Locations
Cross Positions
Add a new tag
Caveats
  • Supply blocks, unpowered buildings, or Contaminate may cause inaccurate times.
  • Supply counts are checked every 10 seconds.